 Dungeon Crawl Stone Soup version 0.30-a0-859-gf88a04b62d (webtiles) character file.

Game seed: 303494337043467724

78 Datul the Cudgeller (level 4, -1/33 HPs)
             Began as a Demonspawn Warper on Mar 6, 2023.
             Killed from afar by an orc wizard (7 damage)
             ... with a magic dart
             ... on level 3 of the Dungeon.
             The game lasted 00:09:00 (3074 turns).

Datul the Cudgeller (Demonspawn Warper)             Turns: 3074, Time: 00:09:01

Health: -1/33      AC:  4    Str: 14    XL:     4   Next: 15%
Magic:  7/7        EV: 12    Int: 16    God:
Gold:   124        SH:  0    Dex: 12    Spells: 5/7 levels left

rFire   . . .      SeeInvis .    a - +0 flail
rCold   + . .      Faith    .    (no shield)
rNeg    . . .      Spirit   .    c - +2 robe {rC+}
rPois   .          Reflect  .    (no helmet)
rElec   .          Rampage  .    (no cloak)
rCorr   .                        (no gloves)
Will    .....                    (no boots)
Stlth   +                        (no amulet)
HPRegen 0.25/turn                (no ring)
MPRegen 0.10/turn                (no ring)

@: no status effects
A: powered by pain 1, big brain 1
a: no special abilities


You were on level 3 of the Dungeon.
You visited 1 branch of the dungeon, and saw 4 of its levels.

You collected 124 gold pieces.

Inventory:

Hand Weapons
 a - a +0 flail (weapon)
 b - a +0 sling
 k - a +0 mace
Missiles
 d - 6 boomerangs of dispersal
 n - 4 javelins
 p - 13 poisoned darts (quivered)
Armour
 c - a +2 robe of cold resistance (worn)
 e - a +0 chain mail
 h - a +0 leather armour
Scrolls
 i - a scroll of acquirement
 l - 2 scrolls of fear {unknown}
 o - a scroll of vulnerability
 r - a scroll of silence {unknown}
 s - a scroll of enchant weapon {unknown}
Potions
 f - a potion of haste
 g - a potion of curing
 j - a potion of flight
 m - a potion of attraction
 q - a potion of degeneration


   Skills:
 - Level 2.0 Fighting
 + Level 4.1 Maces & Flails
 - Level 0.8 Throwing
 - Level 0.8 Armour
 - Level 1.7 Dodging
 - Level 2.0 Spellcasting
 - Level 2.6 Translocations


You had 5 spell levels left.
You knew the following spells:

 Your Spells              Type           Power      Damage    Failure   Level
a - Blink                 Tloc           20%        N/A       11%         2

Your spell library contained the following spells:

 Spells                   Type           Power      Damage    Failure   Level
 Lesser Beckoning         Tloc           20%        N/A       11%         2
 Teleport Other           Tloc           10%        N/A       21%         3
 Vhi's Electric Charge    Tloc/Air       10%        N/A       34%         3
 Manifold Assault         Tloc           10%        N/A       56%         4


Dungeon Overview and Level Annotations

Branches:
Dungeon (4/15) Zot: 20842
 Temple: D:4-7

Altars:


Innate Abilities, Weirdness & Mutations

You sometimes gain a little power by taking damage.
You have an unusually large brain. (Int +2)


Message History

You take 3 damage, and have 12/33 hp.
Aiming: Fastroot
Press: ? - help, Shift-Dir - straight line The roots erupt in riotous growth!
The now-empty wand crumbles to dust.
Something hits you.
* * * LOW HITPOINT WARNING * * *
You take 1 damage, and have 11/33 hp.
You miss something. Your punch misses something.
Something hits you but does no damage.
You hit something. Something hits you but does no damage.
You closely miss something.
You hear some strange, mumbled words.
A magic dart appears from out of thin air!
The magic dart hits you.
* * * LOW HITPOINT WARNING * * *
You take 4 damage, and have 7/33 hp.
You feel better. Something hits you.
* * * LOW HITPOINT WARNING * * *
You regained 6 hp, and now have 13/33 hp.
You closely miss something. Something hits you but does no damage.
You closely miss something.
An orc wizard appears from thin air!
Reactivating autopickup.
The orc wizard barely misses you.
The orc wizard points at you and mumbles some strange words.
The puff of flame hits you.
* * * LOW HITPOINT WARNING * * *
You take 6 damage, and have 7/33 hp.
You barely miss the orc wizard.
The orc wizard is moderately wounded.
The orc wizard misses you.
You hit the orc wizard.
The orc wizard is severely wounded.
The orc wizard hits you with a +0 dagger.
* * * LOW HITPOINT WARNING * * *
You take 2 damage, and have 6/33 hp.
You closely miss the orc wizard.
The orc wizard is severely wounded.
The orc wizard points at you and mumbles some strange words.
The magic dart hits you!
You die...

.....#....#...##.#
.................####
..............#.....#
..............#..####
#..............#.#
#................#
..####....######.###
.....#....#........#
.....#....#....o@..#
.....#....#.....)..#
..####....#........#
..# #....##########
..# #....# ..# #....#
..# #....# ### #....#
#....#


You could see an orc wizard.

Vanquished Creatures
  An adder (D:3)
  2 dart slugs (D:3)
  5 orcs
  8 ball pythons
  7 bats
  7 endoplasms
  4 giant cockroaches
  3 goblins (D:2)
  3 hobgoblins
  3 quokkas
  3 frilled lizards
  6 kobolds
  A rat (D:1)
53 creatures vanquished.

Vanquished Creatures (others)
  A plant (D:2)
1 creature vanquished.

Grand Total: 54 creatures vanquished

Notes
Turn   | Place    | Note
-------+----------+-------------------------------------------
     0 | D:1      | Datul the Demonspawn Warper began the quest for the Orb.
     0 | D:1      | Reached XP level 1. HP: 16/16 MP: 3/3
    89 | D:1      | Reached skill level 2 in Maces & Flails
   597 | D:1      | Gained mutation: You sometimes gain a little power by
                  | taking damage. [demonic ancestry]
   597 | D:1      | Reached XP level 2. HP: 22/22 MP: 5/5
  1377 | D:2      | Reached skill level 3 in Maces & Flails
  1566 | D:2      | Reached XP level 3. HP: 26/27 MP: 6/6
  1855 | D:2      | Identified a scroll of acquirement
  2639 | D:3      | Learned a level 2 spell: Blink
  2681 | D:3      | Gained mutation: You have an unusually large brain. (Int
                  | +2) [demonic ancestry]
  2681 | D:3      | Reached XP level 4. HP: 33/33 MP: 7/7
  2957 | D:3      | Reached skill level 4 in Maces & Flails
  3074 | D:3      | Killed from afar by an orc wizard

Illustrated notes

Levels and vault maps discovered:
D:1:      minmay_arrival_checkered_box, layout_basic
D:2:      layout_basic, serial_forest, infiniplex_forest_lined_2,
          infiniplex_forest_3_way, infiniplex_forest_straight_5,
          infiniplex_forest_straight_2, infiniplex_forest_clump_small,
          infiniplex_forest_end_3, infiniplex_forest_pool,
          infiniplex_forest_clump_tiny, kennysheep_boxes
D:3:      layout_basic
D:4:      layout_rooms

Skill      XL: |  1  2  3  4 |
---------------+-------------+-----
Maces & Flails | 2 3 4 |  4.1
Fighting       | |  2.0
Throwing       | |  0.8
Armour         | |  0.8
Dodging        | |  1.7
Spellcasting   | |  2.0
Translocations | |  2.6

Action                     |  1- 3 |  4- 6 || total
---------------------------+-------+-------++-------
  Melee: Mace              |    31 |       ||    31
         Punch             |     3 |       ||     3
         Flail             |   153 |    36 ||   189
   Fire: Sling             |    10 |       ||    10
  Throw: Boomerang         |     1 |       ||     1
         Dart              |     3 |     2 ||     5
  Evoke: Wand              |       |     2 ||     2
    Use: Scroll            |     8 |       ||     8
         Potion            |     1 |     1 ||     2
   Stab: Sleeping          |     1 |       ||     1
 Armour: Leather armour    |    79 |       ||    79
         Robe              |       |    14 ||    14
  Dodge: Dodged            |   156 |     8 ||   164

Table legend: (Time is in decaauts)
 A = Elapsed time spent in this place.
 B = Non-inter-level travel time spent in this place.
 C = Inter-level travel time spent in this place.
 D = Time resting spent in this place.
 E = Time spent auto-exploring this place.
 F = Levels seen in this place.
 G = Mean time per level.
                   A        B        C        D        E       F      G
               +--------+--------+--------+--------+--------+-----+--------+
         Total |   3156 |   2998 |    158 |    439 |   1851 |   4 |  789.0 |
       Dungeon |   3156 |   2998 |    158 |    439 |   1851 |   4 |  789.0 |
               +--------+--------+--------+--------+--------+-----+--------+

Top non-repeatable levels by time:
     D:2: 1398 daAuts
     D:1: 1022 daAuts
     D:3: 725 daAuts
     D:4: 10 daAuts
